 Dungeon Crawl Stone Soup version 0.31.0-32-g396128a36d (webtiles) character file.

Game seed: 5239107030562796714

88 spaghetti the Cudgeller (level 4, -13/48 HPs)
             Began as an Oni Chaos Knight on Mar 11, 2024.
             Was a Plaything of Xom.
             Mangled by Crazy Yiuf
             ... wielding a +3 quarterstaff of chaos
              (17 damage)
             ... on level 2 of the Dungeon.
             The game lasted 00:01:45 (1741 turns).

spaghetti the Cudgeller (Oni Chaos Knight)          Turns: 1741, Time: 00:01:46

Health: -13/48     AC:  5    Str: 16    XL:     4   Next: 53%
Magic:  4/4        EV:  9    Int: 15    God:    Xom [...*..]
Gold:   94         SH:  0    Dex:  8    Spells: 3/3 levels left

rFire   . . .        a - +0 mace (chaos)
rCold   . . .        (no shield)
rNeg    . . .        b - +2 robe
rPois   .            (helmet restricted)
rElec   .            (no cloak)
rCorr   .            (gloves unavailable)
SInv    .            (boots unavailable)
Will    .....        (no amulet)
Stlth   +            (no ring)
HPRegen 0.28/turn    (no ring)
MPRegen 0.09/turn

%: no passive effects
@: mighty, lethally poisoned (-13 -> -16)
A: large, unfitting armour, horns 1, tough skin 1, double potion healing,
drunken brawling
a: Renounce Religion


You were on level 2 of the Dungeon.
You worshipped Xom.
You were a favourite toy of Xom.
You visited 1 branch of the dungeon, and saw 3 of its levels.

You collected 94 gold pieces.

Inventory:

Hand Weapons
 a - a +0 mace of chaos (weapon)
Armour
 b - a +2 robe (worn)
Scrolls
 m - a scroll of enchant armour


   Skills:
 - Level 4.0 Fighting
 + Level 5.2 Maces & Flails
 - Level 2.1 Dodging


You had 3 spell levels left.
You didn't know any spells.
Your spell library was empty.

Dungeon Overview and Level Annotations

Branches:
Dungeon (3/15)

Altars:

Annotations:
D:2 Crazy Yiuf


Innate Abilities, Weirdness & Mutations

You are too large for most types of armour.
You have a pair of small horns on your head.
You have tough skin. (AC +1)
You gain doubled healing and magic from potions.
Whenever you drink a healing potion, you attack all around you.


Message History

Crazy Yiuf says, "The real reality is there, but everything you know about it is in your mind and yours to do with as you like."
Crazy Yiuf says, "It is extremely absurd to expect to be enlightened by reason, and yet to prescribe to it beforehand on which side it must incline."
Done waiting.
You open the door.
Crazy Yiuf heaves a sigh in contemplation.
You hit Crazy Yiuf. You headbutt Crazy Yiuf.
Crazy Yiuf is lightly wounded.
Crazy Yiuf hits you with a +3 quarterstaff of chaos!
You hit Crazy Yiuf.
You headbutt Crazy Yiuf, but do no damage.
Crazy Yiuf is moderately wounded.
Crazy Yiuf hits you with a +3 quarterstaff of chaos.
You are poisoned.
You barely miss Crazy Yiuf. Your headbutt misses Crazy Yiuf.
Crazy Yiuf is moderately wounded.
You feel very sick.
Crazy Yiuf whimpers, "Leather!
Lay green pizzabubble."
Crazy Yiuf closely misses you.
You closely miss Crazy Yiuf.
Crazy Yiuf is moderately wounded.
You feel very sick. Crazy Yiuf closely misses you.
You hit Crazy Yiuf. You freeze Crazy Yiuf.
You headbutt Crazy Yiuf, but do no damage.
Crazy Yiuf is heavily wounded.
You feel sick.
Crazy Yiuf hits you with a +3 quarterstaff of chaos.
Crazy Yiuf burns you.
Crazy Yiuf laughs, "Goldfish return to song leg!"
Crazy Yiuf hits you with a +3 quarterstaff of chaos!
You feel very mighty all of a sudden.
You closely miss Crazy Yiuf. Your headbutt misses Crazy Yiuf.
Crazy Yiuf is heavily wounded.
You feel sick.
Crazy Yiuf waves his quarterstaff at you.
Crazy Yiuf hits you with a +3 quarterstaff of chaos!
* * * LOW HITPOINT WARNING * * *
You are electrocuted!
You die...
Xom chuckles heartily!

#.....#
#....####........#.#
#####.### ##..##
##########.# #...#
♣....♣ ###......#
##### ♣...♣♣
##...###### ♣♣.♣♣
##..### ♣.♣♣ #..##
♣♣.♣ #### ♣.♣♣ ♣♣@♣
#g# ... #...# #..)#
##### ### #.#


You could see Crazy Yiuf.

Vanquished Creatures
  Robin (D:2)
  A gnoll (D:2)
  An adder (D:2)
  A dart slug (D:1)
  4 bats
  5 endoplasms (D:1)
  6 giant cockroaches
  6 goblins
  6 hobgoblins
  3 jackals (D:1)
  3 quokkas
  2 ball pythons
  2 frilled lizards (D:1)
  4 kobolds
  3 rats
48 creatures vanquished.

Notes
Turn   | Place    | Note
-------+----------+-------------------------------------------
     0 | D:1      | spaghetti the Oni Chaos Knight began the quest for the Orb.
     0 | D:1      | Reached XP level 1. HP: 24/24 MP: 1/1
    68 | D:1      | Reached XP level 2. HP: 27/32 MP: 2/2
   186 | D:1      | XOM: silly message
   196 | D:1      | Reached skill level 4 in Maces & Flails
   232 | D:1      | Reached XP level 3. HP: 31/39 MP: 3/3
   769 | D:2      | XOM: stealth player
  1200 | D:2      | Found a runed translucent door.
  1201 | D:2      | Noticed Crazy Yiuf
  1304 | D:2      | XOM: silly message
  1357 | D:3      | Noticed Robin
  1362 | D:3      | XOM: summons friendly crimson imp
  1369 | D:3      | XOM: potion effect (curing)
  1489 | D:2      | Reached XP level 4. HP: 27/48 MP: 4/4
  1497 | D:2      | Killed Robin
  1498 | D:2      | Reached skill level 5 in Maces & Flails
  1741 | D:2      | Mangled by Crazy Yiuf

Illustrated notes

Levels and vault maps discovered:
D:1:      dpeg_arrival_rhombus, layout_basic, corexii_item_surrounded_by_moat,
          glass_columns_b, chequers_serial_rivers_room_a, minmay_split_cup_large
D:2:      layout_basic, uniq_crazy_yiuf_cottage
D:3:      layout_rooms, mainiacjoe_overflow_paths, serial_shops,
          nicolae_shop_tiny_real_fake_doors, minmay_misc_feat_columns,
          uniq_robin

Skill      XL: |  1  2  3  4 |
---------------+-------------+-----
Maces & Flails | 4 5 |  5.2
Fighting       | |  4.0
Dodging        | |  2.1

Action                     |  1- 3 |  4- 6 || total
---------------------------+-------+-------++-------
  Melee: Mace              |    98 |    20 ||   118
         Headbutt          |    12 |     7 ||    19
    Use: Scroll            |     7 |       ||     7
         Potion            |     5 |       ||     5
   Stab: Distracted        |     1 |       ||     1
 Armour: Robe              |   105 |    16 ||   121
  Dodge: Dodged            |    58 |     6 ||    64
